 Dungeon Crawl Stone Soup version 0.27-a0-679-g77a6b55cf3 (webtiles) character file.

Game seed: 12638094764857280766

39 hjoldr the Firebug (level 3, 0/24 HPs)
             Began as a Human Fire Elementalist on Mar 19, 2021.
             Slain by an adder (3 damage)
             ... on level 2 of the Dungeon.
             The game lasted 00:08:40 (1364 turns).

hjoldr the Firebug (Human Fire Elementalist)        Turns: 1364, Time: 00:08:41

Health: 0/24       AC:  2    Str:  8    XL:     3   Next: 67%
Magic:  3/7        EV: 12    Int: 16    God:
Gold:   71         SH:  0    Dex: 13    Spells: 6/7 levels left

rFire    . . .     SeeInvis .   b - +2 whip (venom)
rCold    . . .     Faith    .   (no shield)
rNeg     . . .     Spirit   .   a - +0 robe
rPois    .         Reflect  .   (no helmet)
rElec    .         Harm     .   (no cloak)
rCorr    .         Rampage  .   (no gloves)
Will     .....                  (no boots)
Stlth    ++........             (no amulet)
HPRegen  0.08/turn              c - ring of flight
MPRegen  0.10/turn              (no ring)

@: no status effects
A: no striking features
a: Evoke Flight


You were on level 2 of the Dungeon.
You visited 1 branch of the dungeon, and saw 2 of its levels.

You collected 71 gold pieces.

Inventory:

Hand Weapons
 b - a +2 whip of venom (weapon)
 h - a +0 dagger
 l - a +0 dagger
 n - a +0 club
 o - a +0 whip
Missiles
 d - 13 poisoned darts
 e - 64 stones
 j - a throwing net
Armour
 a - a +0 robe (worn)
 f - a +0 scale mail
 m - a +0 leather armour
 p - a +0 leather armour
Jewellery
 c - a ring of flight (right hand)
 i - a ring of positive energy
Potions
 g - a potion of might {unknown}
 k - 2 potions of cancellation {unknown}


   Skills:
 + Level 0.2 Maces & Flails
 + Level 2.2 Dodging
 + Level 2.2 Stealth
 + Level 2.6 Spellcasting
 + Level 1.1 Conjurations
 + Level 3.5 Fire Magic


You had 6 spell levels left.
You knew the following spells:

 Your Spells              Type           Power      Damage    Failure   Level
a - Foxfire               Conj/Fire      36%        2x1d5     8%          1

Your spell library contained the following spells:

 Spells                   Type           Power      Damage    Failure   Level
 Conjure Flame            Conj/Fire      9%         6-21      22%         3
 Inner Flame              Hex/Fire       7%         N/A       28%         3
 Sticky Flame             Conj/Fire      9%         2d3       58%         4
 Fireball                 Conj/Fire      4%         3d4       90%         5


Dungeon Overview and Level Annotations

Branches:
Dungeon (2/15)

Altars:

Annotations:
D:2 Robin


Message History

You conjure some foxfire!
The foxfire hits the hobgoblin but does no damage.
The foxfire hits the hobgoblin.
The hobgoblin is severely wounded.
Found a short sword.
There is a stone staircase leading down here.
Casting: Foxfire (safe; 8% risk of failure)
Press: ? - help, Q - select action, (/) - cycle Dir - look around, f - activate You conjure some foxfire!
The foxfire hits the hobgoblin.
You kill the hobgoblin!
Your foxfire dissipates!
An adder comes into view.
The adder hisses angrily.
You see here a +0 leather armour.
p - a +0 leather armour
Casting: Foxfire (safe; 8% risk of failure)
Press: ? - help, Q - select action, (/) - cycle Dir - look around, f - activate You conjure some foxfire!
The foxfire hits the adder.
The adder is moderately wounded.
The foxfire hits the adder.
The adder is moderately wounded.
The adder misses you. The adder closely misses you. The adder bites you.
You miss the adder.
The adder is moderately wounded.
The adder barely misses you.
You closely miss the adder.
The adder is moderately wounded.
The adder bites you.
* * * LOW HITPOINT WARNING * * *
The adder misses you.
You hit the adder.
The adder is poisoned.
The adder is severely wounded.
The adder misses you.
You miss the adder.
The adder is severely wounded.
The adder bites you.
You die...

#....#..⌠####⌠..#....
######......†...#..#
#..........#..#
###########'..##
#########..............
#..........(...........
#............>.........
#.....S..........†.....
#.....@...########.....
#.........# #.....
#.....)...# #...).
#.........# ...g.
########### ....


You could see an adder (very poisoned).

Vanquished Creatures
  A worm (D:2)
  2 dart slugs
  3 leopard geckos
  A giant cockroach (D:1)
  3 goblins (D:2)
  7 hobgoblins
  A quokka (D:2)
  A bat (D:2)
  2 frilled lizards
  3 kobolds (D:1)
  3 rats (D:1)
27 creatures vanquished.

Vanquished Creatures (others)
  44 foxfires
44 creatures vanquished.

Grand Total: 71 creatures vanquished

Notes
Turn   | Place    | Note
-------+----------+-------------------------------------------
     0 | D:1      | hjoldr the Human Fire Elementalist began the quest for the
                  | Orb.
     0 | D:1      | Reached XP level 1. HP: 13/13 MP: 3/3
   214 | D:1      | Reached XP level 2. HP: 19/19 MP: 0/5
   885 | D:2      | Reached XP level 3. HP: 24/24 MP: 6/6
  1322 | D:2      | Noticed Robin
  1364 | D:2      | Slain by an adder

Illustrated notes

Levels and vault maps discovered:
D:1:      dpeg_arrival_arbitrary_c, layout_basic
D:2:      layout_basic, kennysheep_pointless_box, uniq_robin

Action                   || total
-------------------------++-------
Melee: Whip              ||    42
 Cast: Foxfire           ||    27
  Use: Scroll            ||     2
 Stab: Sleeping          ||     1
Armor: Scale mail        ||     2
       Robe              ||     4
Dodge: Dodged            ||    28

Table legend: (Time is in decaauts)
 A = Elapsed time spent in this place.
 B = Non-inter-level travel time spent in this place.
 C = Inter-level travel time spent in this place.
 D = Time resting spent in this place.
 E = Time spent auto-exploring this place.
 F = Levels seen in this place.
 G = Mean time per level.
                   A        B        C        D        E       F      G
               +--------+--------+--------+--------+--------+-----+--------+
         Total |   1366 |   1366 |      0 |      0 |    893 |   2 |  683.0 |
       Dungeon |   1366 |   1366 |      0 |      0 |    893 |   2 |  683.0 |
               +--------+--------+--------+--------+--------+-----+--------+

Top non-repeatable levels by time:
     D:1: 882 daAuts
     D:2: 484 daAuts
